 Dungeon Crawl Stone Soup version 0.17-a0-2122-g03d97ec (webtiles) character file.

124 tp1 the Magician (level 4, -1/24 HPs)
             Began as a Deep Elf Conjurer on Oct 21, 2015.
             Slain by a gnoll (8 damage)
             ... on level 4 of the Dungeon.
             The game lasted 00:18:08 (2591 turns).

tp1 the Magician (Deep Elf Conjurer)                Turns: 2591, Time: 00:18:08

Health: -1/24      AC:  3    Str:  5    XL:     4   Next: 81%
Magic:  0/13       EV: 14    Int: 21    God:
Gold:   89         SH:  0    Dex: 15    Spells: 3 memorised, 7 levels left

rFire  . . .     SeeInvis .     k - +0 short sword
rCold  . . .     Clarity  .     a - +0 robe
rNeg   . . .     SustAt   .     (no shield)
rPois  .         Gourm    .     (no helmet)
rElec  .         Spirit   .     (no cloak)
rCorr  .         Warding  .     i - +0 pair of gloves
rMut   .         Stasis   .     (no boots)
MR     .....                    (no amulet)
Stlth  ++........               (no ring)
                                (no ring)

@: not resistant to hostile enchantments, unstealthy
A: no striking features
a: no special abilities


You were on level 4 of the Dungeon.
You were not hungry.

You visited 1 branch of the dungeon, and saw 4 of its levels.

You collected 89 gold pieces.

Inventory:

Hand Weapons
 k - a +0 short sword (weapon)
Missiles
 p - 8 silver javelins (quivered)
Armour
 a - a +0 robe (worn)
 i - a +0 pair of gloves (worn)
Scrolls
 e - 2 scrolls of remove curse {unknown}
 f - 2 scrolls of identify {unknown}
 h - a scroll of noise {unknown}
 m - a scroll of teleportation {unknown}
 o - a scroll of enchant armour {unknown}
 q - a scroll of enchant weapon {unknown}
Potions
 d - a potion of heal wounds {unknown}
 l - a potion of lignification {unknown}
 r - a potion of agility {unknown}
 s - 2 potions of curing {unknown}
Books
 b - a book of Conjurations

   Spells                             Type                      Level
   a - Magic Dart                     Conjuration                  1
   b - Searing Ray                    Conjuration                  2
   c - Dazzling Spray                 Conjuration/Hexes            3
   d - Fulminant Prism                Conjuration/Hexes            4
   e - Iskenderun's Mystic Blast      Conjuration                  4
   f - Iskenderun's Battlesphere      Conjuration/Charms           5
Comestibles
 c - 3 bread rations
 g - a slice of pizza
 j - 3 chunks of flesh
 n - 2 meat rations


   Skills:
 - Level 4.1 Dodging
 - Level 3.0 Stealth
 + Level 5.1 Spellcasting
 - Level 4.6 Conjurations


You had 7 spell levels left.
You knew the following spells:

 Your Spells              Type           Power        Failure   Level  Hunger
a - Magic Dart            Conj           ###.         1%          1    None
b - Searing Ray           Conj           ###...       2%          2    None
c - Dazzling Spray        Conj/Hex       ###.....     14%         3    ##.....


Dungeon Overview and Level Annotations

Branches:
Dungeon (4/15)
 Temple: D:4-7

Altars:
Kikubaaqudgha
Qazlal


Message History

Casting: Magic Dart
Confirm with . or Enter, or press ? or * to list all spells.
Aiming: Magic Dart
Press: ? - help, Shift-Dir - straight line, f/p - gnoll
Aim: a gnoll (heavily wounded)
The magic dart hits the gnoll.
The gnoll is almost dead.
The gnoll barely misses you.
You closely miss the gnoll.
The gnoll is almost dead.
The gnoll hits you but does no damage.
You closely miss the gnoll.
The gnoll is almost dead.
The gnoll hits you.
* * * LOW HITPOINT WARNING * * *
You closely miss the gnoll.
The gnoll is almost dead.
The gnoll barely misses you. The gnoll hits you!
You die...

#############
........g...#
.......@<...#
........w...#
...)........#
......##....#
###... ###+##
###+


You could see a worm and a gnoll.

Vanquished Creatures
  A gnoll (D:3)
  4 adders
  An ooze (D:2)
  2 worms (D:2)
  3 giant geckos
  An orc (D:3)
  2 ball pythons (D:1)
  10 bats
  9 goblins
  13 hobgoblins
  5 kobolds
  3 quokkas
  A giant cockroach (D:2)
  2 giant newts (D:2)
  7 rats
64 creatures vanquished.

Vanquished Creatures (others)
  A human (D:2)
1 creature vanquished.

Grand Total: 65 creatures vanquished

Notes
Turn   | Place    | Note
--------------------------------------------------------------
     0 | D:1      | tp1 the Deep Elf Conjurer began the quest for the Orb.
     0 | D:1      | Reached XP level 1. HP: 10/10 MP: 6/6
   113 | D:1      | Reached XP level 2. HP: 15/15 MP: 2/8
   845 | D:2      | Reached XP level 3. HP: 12/19 MP: 4/9
   854 | D:2      | Learned a level 2 spell: Searing Ray
   858 | D:2      | Learned a level 3 spell: Dazzling Spray
  1163 | D:2      | Found an ancient bone altar of Kikubaaqudgha.
  1167 | D:2      | Noticed a human
  1168 | D:2      | Killed a human
  1590 | D:2      | Found a stormy altar of Qazlal.
  1608 | D:2      | Reached XP level 4. HP: 24/24 MP: 9/11
  1828 | D:2      | Found an ancient bone altar of Kikubaaqudgha.
  1933 | D:2      | Found a stormy altar of Qazlal.
  2565 | D:3      | Reached skill level 5 in Spellcasting
  2591 | D:4      | Slain by a gnoll

Vault maps used:
D:1:      saegor_arrival_simple_c, dk_noncrumbling_3
D:2:      lemuel_round_altar, first_bread, corexii_corridor_pit,
          tgw_kikubaaqudgha
D:3:      lemuel_castle_with_subvaults, serial_curves, eino_curves_03,
          eino_curves_01
D:4:      minmay_door_path, lemuel_zombie_altar_yredelemnul, serial_shops,
          nicolae_shop_competitors_out_of_business

Action                   |  1- 3 |  4- 6 || total
-------------------------+-------+-------++-------
Melee: Short sword       |     6 |    11 ||    17
 Cast: Magic Dart        |    81 |    53 ||   134
       Searing Ray       |       |     5 ||     5
  Eat: Chunk             |     2 |     3 ||     5
